 Dungeon Crawl Stone Soup version 0.30.1-11-g7821555f0a (webtiles) character file.

Game seed: 7705235293292927806

302 HourglassMan the Trooper (level 6, -1/56 HPs)
             Began as a Hill Orc Fighter on Oct 13, 2023.
             Slain by a hornet (9 damage)
             ... on level 5 of the Dungeon on Oct 26, 2023.
             The game lasted 00:10:10 (3686 turns).

HourglassMan the Trooper (Hill Orc Fighter)         Turns: 3686, Time: 00:10:10

Health: -1/56      AC: 10    Str: 21    XL:     6   Next: 37%
Magic:  6/6        EV:  9    Int:  8    God:
Gold:   259        SH:  4    Dex: 10    Spells: 5/5 levels left

rFire   . . .        a - +0 flail
rCold   . . .        c - +0 buckler
rNeg    . . .        b - +0 scale mail
rPois   .            u - +1 helmet
rElec   .            (no cloak)
rCorr   .            s - +0 pair of gloves
SInv    .            (no boots)
Will    .....        (no amulet) Stlth
                     (no ring)
HPRegen 0.29/turn    (no ring)
MPRegen 0.10/turn

%: no passive effects
@: about to teleport, slowed, very slow
A: no striking features
a: no special abilities


You were on level 5 of the Dungeon.
You visited 1 branch of the dungeon, and saw 5 of its levels.

You collected 259 gold pieces.

Inventory:

Hand Weapons
 a - a +0 flail (weapon)
Missiles
 e - 2 boomerangs
 l - a poisoned dart
 t - 7 javelins
Armour
 b - a +0 scale mail (worn)
 c - a +0 buckler (worn)
 s - a +0 pair of gloves (worn)
 u - a +1 helmet (worn)
Wands
 j - a wand of flame (8) (quivered)
Scrolls
 d - a scroll of fog {unknown}
 k - 2 scrolls of enchant armour
 m - 2 scrolls of amnesia {unknown}
 o - 2 scrolls of teleportation
Potions
 f - a potion of mutation
 h - 2 potions of curing
 i - a potion of magic
 p - 3 potions of brilliance {unknown}
 q - a potion of ambrosia {unknown}
 r - a potion of flight {unknown}


   Skills:
 + Level 5.0 Fighting
 + Level 4.0 Maces & Flails
 + Level 4.2 Armour
 + Level 1.4 Dodging
 + Level 4.3 Shields
 + Level 1.4 Evocations


You had 5 spell levels left.
You didn't know any spells.
Your spell library contained the following spells:

 Spells                   Type           Power      Damage    Failure   Level
 Summon Small Mammal      Summ           0%         N/A       80%         1
 Cigotuvi's Dreadful Rot  Necr/Pois/Air  0%         N/A       91%         2
 Call Canine Familiar     Summ           0%         N/A       99%         3
 Ignite Poison            Fire/Tmut/Pois 0%         N/A       99%         3
 Portal Projectile        Hex/Tloc       0%         N/A       99%         3
 Summon Guardian Golem    Hex/Summ       0%         N/A       99%         3
 Tukima's Dance           Hex            0%         N/A       99%         3
 Blade Hands              Tmut           0%         N/A       100%        5
 Freezing Cloud           Conj/Ice/Air   0%         6-21      100%        5


Dungeon Overview and Level Annotations

Branches:
Dungeon (5/15)
 Temple: D:4-7

Altars:
Ashenzari
Yredelemnul

Shops:
D:4 (

Annotations:
D:3 1 runed translucent door, SacredBeard's ghost, amateur HOFi


Message History

You throw a poisoned dart.
The poisoned dart closely misses the hornet.
The hornet stings you!
You are poisoned.
You feel yourself slow down. The hornet barely misses you.
Throw: 2 darts (poison)
Press: ? - help, Shift-Dir - straight line, f/p - hornet
Aim: a hornet (lightly wounded, poisoned, 42% to hit)
You throw a poisoned dart.
The poisoned dart barely misses the hornet.
You feel yourself speed up.
You feel very sick. The hornet stings you.
You feel yourself slow down. You block the hornet's attack.
You miss the hornet.
The hornet is moderately wounded.
You feel yourself speed up.
You feel sick. The hornet closely misses you. The hornet stings you!
You are more poisoned.
You feel yourself slow down.
The hornet stings you but does no damage.
You hit the hornet but do no damage.
The hornet is moderately wounded.
You feel very sick.
The hornet looks more healthy.
You block the hornet's attack. The hornet stings you!
* * * LOW HITPOINT WARNING * * *
You feel as though you will be slow longer.
As you read the scroll of teleportation, it crumbles to dust.
You feel strangely unstable.
You feel very sick.
The hornet barely misses you. x2; You block the hornet's attack.
You feel better. The hornet barely misses you. The hornet stings you!
* * * LOW HITPOINT WARNING * * *
You feel as though you will be slow longer.
The hornet attacks as you move away! The hornet stings you.
* * * LOW HITPOINT WARNING * * *
You feel as though you will be slow longer.
The hornet stings you!
You die...

#........#.#....# ...
###........#.##.# #
#........#.##.#
.......(...#.##.#
##...<.....#.##.#
##.[....#.#.##.##
..........#.....#
##..............#
..............@#####..#
...........y.......
##...#..........###
###.#.....##...#
#.+.....# ...# #..>..#
((# #.....# ..# ##.....
.# #..... .#


You could see a hornet.

Vanquished Creatures
  A scorpion (D:5)
  A hound (D:4)
  An iguana (D:4)
  8 gnolls
  3 adders
  4 worms
  2 dart slugs
  An orc (D:2)
  2 bats (D:2)
  4 endoplasms
  5 giant cockroaches
  4 goblins
  6 hobgoblins
  5 jackals
  A quokka (D:2)
  7 ball pythons
  2 frilled lizards (D:1)
  10 kobolds
  6 rats
73 creatures vanquished.

Notes
Turn   | Place    | Note
-------+----------+-------------------------------------------
     0 | D:1      | HourglassMan the Hill Orc Fighter began the quest for the
                  | Orb.
     0 | D:1      | Reached XP level 1. HP: 19/19 MP: 1/1
   108 | D:1      | Reached XP level 2. HP: 17/27 MP: 2/2
   329 | D:2      | Upgraded the game from 0.30.1-9-gdf580d7c3d to
                  | 0.30.1-11-g7821555f0a
   395 | D:2      | Reached skill level 4 in Fighting
   615 | D:2      | Reached XP level 3. HP: 30/33 MP: 3/3
   947 | D:2      | Reached XP level 4. HP: 39/41 MP: 4/4
  2075 | D:3      | Noticed SacredBeard's ghost (amateur HOFi)
  2076 | D:3      | Found a runed translucent door.
  2317 | D:3      | Reached XP level 5. HP: 31/47 MP: 5/5
  2745 | D:4      | Reached skill level 1 in Dodging
  3085 | D:4      | Found a basalt altar of Yredelemnul.
  3094 | D:4      | Found a broken altar of Ashenzari.
  3207 | D:4      | HP: 3/70 [gnoll/+0 halberd (7)]
  3216 | D:4      | Reached skill level 1 in Evocations
  3481 | D:4      | Reached XP level 6. HP: 55/55 MP: 6/6
  3510 | D:4      | Found Cuejuc's Firing Range.
  3605 | D:5      | Entered Level 5 of the Dungeon
  3626 | D:5      | Reached skill level 5 in Fighting
  3677 | D:5      | Noticed a hornet
  3686 | D:5      | Slain by a hornet

Illustrated notes

Levels and vault maps discovered:
D:1:      dpeg_arrival_morbid_curiosity, layout_basic
D:2:      minmay_razor_zed, layout_basic, minmay_misc_feat_nine_boxes,
          st_stairs_14, minmay_hexomino_u4
D:3:      layout_loops_ring, gammafunk_ghost_grave
D:4:      layout_loops_ring, amethyst_overflow_temple_binary,
          nicolae_shop_firing_range
D:5:      layout_basic, nicolae_overflow_hallway_of_the_gods, uniq_eustachio,
          uniq_edmund

Skill      XL: |  1  2  3  4  5  6 |
---------------+-------------------+-----
Fighting       | 4 5 |  5.0
Maces & Flails | 3 4 |  4.0
Dodging        | 1 |  1.4
Shields        | 4 |  4.3
Armour         | 4 |  4.2
Evocations     | 1 |  1.4

Action                     |  1- 3 |  4- 6 || total
---------------------------+-------+-------++-------
  Melee: Flail             |   129 |   167 ||   296
  Throw: Javelin           |       |     3 ||     3
         Dart              |       |     4 ||     4
  Evoke: Wand              |     3 |     9 ||    12
    Use: Scroll            |       |     9 ||     9
         Potion            |       |     5 ||     5
 Armour: Scale mail        |   102 |    82 ||   184
         Skin              |       |     7 ||     7
  Dodge: Dodged            |   114 |    85 ||   199
  Block: Buckler           |    36 |    42 ||    78
